 Dungeon Crawl Stone Soup version 0.21-a0-72-gbbb65ab (webtiles) character file.

103 grindst0ne the Shield-Bearer (level 5, 0/42 HPs)
             Began as a Formicid Fighter on June 20, 2017.
             Slain by an orc priest
             ... wielding a +0 war axe
              (3 damage)
             ... on level 2 of the Dungeon.
             The game lasted 00:02:32 (2456 turns).

grindst0ne the Shield-Bearer (Formicid Fighter)     Turns: 2456, Time: 00:02:32

Health: 0/42       AC:  7    Str: 20    XL:     5   Next: 6%
Magic:  5/5        EV: 13    Int:  8    God:
Gold:   38         SH: 10    Dex: 16    Spells: 4/4 levels left

rFire    . . .     SeeInvis +   a - +0 war axe
rCold    . . .     Gourm    .   c - +0 shield
rNeg     . . .     Faith    .   b - +0 scale mail
rPois    .         Spirit   .   (helmet unavailable)
rElec    .         Reflect  .   (no cloak)
rCorr    .         Harm     .   (no gloves)
MR       .....                  (no boots)
Stlth    +.........             (no amulet)
HPRegen  0.14/turn              (no ring)
MPRegen  0.09/turn              (no ring)

@: agile
A: permanent stasis, dig shafts and tunnels, four strong arms, antennae 3
a: Dig, Shaft Self


You were on level 2 of the Dungeon.
You were hungry.

You visited 1 branch of the dungeon, and saw 3 of its levels.

You collected 38 gold pieces.

Inventory:

Hand Weapons
 a - a +0 war axe (weapon)
Armour
 b - a +0 scale mail (worn)
 c - a +0 shield (worn)
Scrolls
 e - a scroll of enchant weapon {unknown}
 g - a scroll of teleportation {unknown}
 h - a scroll of magic mapping {unknown}
 m - a scroll of identify {unknown}
Potions
 d - a potion of might
 n - a potion of curing {unknown}
Comestibles
 f - 2 bread rations
 j - 5 fruits


   Skills:
 + Level 4.1 Fighting
 - Level 2.0 Axes
 + Level 4.1 Armour
 * Level 5.0 Shields


You had 4 spell levels left.
You didn't know any spells.

Dungeon Overview and Level Annotations

Branches:
Dungeon (3/15)

Altars:


Innate Abilities, Weirdness & Mutations

You cannot be hasted, slowed, berserked, paralysed or teleported.
You can dig through walls and to a lower floor.
Your four strong arms can wield two-handed weapons with a shield.
You have a pair of large antennae on your head. (SInv)


Message History

You climb upwards.
There is a stone staircase leading down here.
You closely miss the orc priest.
The orc priest is heavily wounded.
The orc priest hits you with a war axe.
* * * LOW HITPOINT WARNING * * *
It was a potion of haste.
Your stasis prevents you from being hasted.
You block the orc priest's attack.
It was a potion of agility.
You feel agile all of a sudden.
The orc priest hits you but does no damage.
You hit the orc priest.
The orc priest is heavily wounded.
The orc priest calls down the wrath of Beogh upon you.
You struggle to resist.
You closely miss the orc priest.
The orc priest is heavily wounded.
The orc priest hits you with a war axe.
You die...

#.#.####### #.# #.# #.#.# #.# #.#
#.#># #.# #.#
#.#.#####################.# #.#
..#.......................# #.###
########################### #....
#####
#################################
.......).(...((o@................
#################################


You could see an orc priest.

Vanquished Creatures
  An orc wizard (D:3)
  2 adders (D:2)
  2 worms (D:2)
  A dart slug (D:1)
  2 orcs (D:3)
  5 giant cockroaches
  2 goblins (D:2)
  4 hobgoblins
  3 jackals (D:2)
  4 kobolds
  A ball python (D:2)
  4 bats
  4 frilled lizards
  18 rats
53 creatures vanquished.

Notes
Turn   | Place    | Note
-------+----------+-------------------------------------------
     0 | D:1      | grindst0ne the Formicid Fighter began the quest for the Orb.
     0 | D:1      | Reached XP level 1. HP: 18/18 MP: 1/1
    42 | D:1      | Reached XP level 2. HP: 22/24 MP: 2/2
   313 | D:1      | Reached skill level 4 in Shields
   445 | D:1      | Reached XP level 3. HP: 30/30 MP: 3/3
  1237 | D:2      | Reached XP level 4. HP: 13/37 MP: 4/4
  2444 | D:3      | Reached skill level 5 in Shields
  2444 | D:3      | Reached XP level 5. HP: 20/42 MP: 5/5
  2456 | D:2      | Slain by an orc priest

Vault maps used:
D:1:      erik_arrival_orb_chamber
D:3:      fedhas_altar_fruit_tree, lemuel_round_altar, nicolae_ru_awakened_eye,
          uniq_sigmund, uniq_grinder

Skill      XL: |  1  2  3  4 |
---------------+-------------+-----
Shields        | 4 5 |  5.0
Fighting       | 4 |  4.1
Armour         | 4 |  4.1
Axes           | |  2.0

Action                   |  1- 3 |  4- 6 || total
-------------------------+-------+-------++-------
Melee: War axe           |   124 |    60 ||   184
 Abil: Dig               |     1 |     2 ||     3
  Use: Potion            |       |     2 ||     2
  Eat: Chunk             |     1 |     4 ||     5
Armor: Scale mail        |    48 |    20 ||    68
Dodge: Dodged            |    29 |    14 ||    43
Block: Shield            |    65 |    19 ||    84
